 Dungeon Sprint DCSS version 0.23-a0-171-g5ae17c6 (webtiles) character file.

5268 Fang the Cleaver (level 10, -2/105 HPs)
             Began as a Gargoyle Berserker on Sept 13, 2018.
             Was the Champion of Trog.
             Slain by Geis Noekae the pandemonium lord (4 damage)
             ... in the Dungeon (Sprint V: "Ziggurat Sprint").
             The game lasted 00:04:34 (700 turns).

Fang the Cleaver (Gargoyle Berserker)                Turns: 700, Time: 00:04:34

Health: -2/105     AC: 16    Str: 41      XL:     10   Next: 62%
Magic:  11/11      EV: 18    Int:  8      God:    Trog [******]
Gold:   0          SH:  0    Dex:  6 (7)  Spells: 9/9 levels left

rFire    . . .     SeeInvis .   k - +5 executioner's axe (venom)
rCold    . . .     Gourm    .   (shield currently unavailable)
rNeg     + . .     Faith    .   z - +2 ring mail {MR+}
rPois    ∞         Spirit   .   (no helmet)
rElec    +         Reflect  .   (no cloak)
rCorr    .         Harm     .   (no gloves)
MR       +....     NoTele   +   (no boots)
Stlth    ..........             B - amulet of the Air {Inacc +Fly rElec EV+5 RMsl}
HPRegen  0.27/turn              D - +6 ring of strength
MPRegen  0.12/turn              E - +6 ring of strength

@: berserking (expiring), repel missiles, very quick
A: clumsy 1, negative energy resistance 1, electricity resistance, unbreathing,
petrification resistance, rot immunity, AC +7
a: Berserk, Trog's Hand, Brothers in Arms, Renounce Religion, Evoke Flight


You were in the Dungeon.
You worshipped Trog.
Trog was exalted by your worship.
You were near starving.

You visited 1 branch

Inventory:

Hand Weapons
 k - a +5 executioner's axe of venom (weapon)
 F - a +1 battleaxe of chopping
Armour
 j - +5 shadow dragon scales
 z - a +2 ring mail of magic resistance (worn)
Jewellery
 a - an uncursed ring of protection from cold
 b - an uncursed ring of stealth
 B - the amulet of the Air (around neck) {Inacc +Fly rElec EV+5 RMsl}
   (You found it in the Dungeon)

   [amulet of inaccuracy]

   It reduces the accuracy of all your attacks.
   It affects your evasion (+5).
   It insulates you from electricity.
   It lets you fly.
   It protects you from missiles.
 D - a +6 ring of strength (left hand)
 E - a +6 ring of strength (right hand)
Wands
 w - a wand of disintegration (7)
 x - a wand of iceblast (7)
 y - a wand of acid (7)
Scrolls
 i - 4 scrolls of blinking
 l - 7 scrolls of fog
 m - a scroll of holy word
 n - 5 scrolls of identify
 o - 5 scrolls of remove curse
 p - 2 scrolls of fear
Potions
 d - 10 potions of curing
 e - 10 potions of heal wounds
 f - 6 potions of haste
 g - 7 potions of magic
 h - 3 potions of berserk rage
 q - 2 potions of brilliance
 r - 2 potions of invisibility
 s - 4 potions of resistance
 u - 5 potions of agility
 v - 5 potions of might
Miscellaneous
 A - a phial of floods
 C - a lamp of fire
Comestibles
 c - 6 rations


   Skills:
 + Level 11.6 Fighting
 + Level 14.4 Axes
 + Level 1.9 Throwing
 + Level 8.9 Armour
 + Level 7.2 Dodging
 + Level 4.0 Stealth
 + Level 2.4 Evocations


You had 9 spell levels left.
You didn't know any spells.
Your spell library was empty.

Dungeon Overview and Level Annotations

Branches:
Dungeon (1/1)

Altars:
Ashenzari
Cheibriados
Dithmenos
Elyvilon
Fedhas
Gozag
Hepliaklqana
Kikubaaqudgha
Makhleb
Nemelex Xobeh
Okawaru
Qazlal
Ru
Sif Muna
Trog
Uskayaw
Vehumet
Wu Jian
Xom
Yredelemnul
Zin
The Shining One
Beogh
Jiyva
Lugonu

Annotations:
D 1 transporter


Innate Abilities, Weirdness & Mutations

You are resistant to torment.
Your stone body is resilient. (AC +7)
You are immune to poison.
You resist negative energy. (rN+)
You are resistant to electric shocks. (rElec)
You can survive without breathing.
You are immune to petrification.
You are immune to rotting.
You are clumsy. (Dex -2)


Message History

Unknown command.
Unknown command.
You are too injured to fight recklessly!
Unknown command.
You are too injured to fight recklessly!
Unknown command.
You are too injured to fight recklessly!
Unknown command.
You slice Geis Noekae!!
Geis Noekae looks as sick as possible!
Geis Noekae is lightly wounded.
You completely miss the ice devil. You barely miss the ufetubus.
Geis Noekae hits you.
* * * LOW HITPOINT WARNING * * *
The ufetubus completely misses you. The ufetubus barely misses you.
Geis Noekae hits you but does no damage.
You closely miss Geis Noekae.
Geis Noekae is lightly wounded.
You miss the quasit. You closely miss the neqoxec.
You barely miss the ice devil. Geis Noekae hits you.
You die...

▓▓▓▓▓▓▓▓▓▓▓▓▓▓▓▓▓▓▓
▓...8©8...▓..8©8..▓
▓..|[|=...▓..|:|..▓
▓....=)...▓..[)[..▓
▓.........▓.......▓
▓.........▓.......▓
▓....55...▓.......▓
▓...4&5...▓...††..▓
▓.▓.3@..▓.▓.▓†..▓.▓
▓....©....▓...©...▓
▓▓▓▓▓▓▓▓▓▓▓▓▓▓▓▓▓▓▓
▓..8©8..▓ ▓..}=|..▓
▓..[[}..▓ ▓.......▓
▓.......▓ ▓.......▓


You could see Geis Noekae, an ice devil, a neqoxec, an iron imp, a quasit and an
ufetubus.

Vanquished Creatures
  A tentacled starspawn (D)
  A sixfirhy (D)
  2 redbacks (D)
  4 scorpions (D)
  2 crimson imps (D)
  3 orc wizards (D)
  3 quasits (D)
  3 iron imps (D)
  A shadow imp (D)
  A white imp (D)
  An ufetubus (D)
  An adder skeleton (D)
  3 orcs (D)
  2 bat skeletons (D)
  A leopard gecko zombie (D)
  2 starspawn tentacles (D)
31 creatures vanquished.

Vanquished Creatures (collateral kills)
  A hell hound (D)
  A crimson imp (D)
2 creatures vanquished.

Vanquished Creatures (others)
  A starspawn tentacle (D)
1 creature vanquished.

Grand Total: 34 creatures vanquished

Notes
Turn   | Place    | Note
-------+----------+-------------------------------------------
     0 | D        | Found the +7 great mace "Firestarter" {inner flame, rF++}
     0 | D        | Fang the Gargoyle Berserker began the quest for the Orb.
     0 | D        | Reached XP level 1. HP: 14/14 MP: 1/1
     3 | D        | Found a blossoming altar of Fedhas.
     4 | D        | Found a viscous altar of Jiyva.
     4 | D        | Found a hazy altar of Hepliaklqana.
     4 | D        | Found a transporter.
     4 | D        | Found an opulent altar of Gozag.
     4 | D        | Found an ancient bone altar of Kikubaaqudgha.
     4 | D        | Found a corrupted altar of Lugonu.
     9 | D        | Found a burning altar of Makhleb.
    21 | D        | Found a stormy altar of Qazlal.
    21 | D        | Found a sacrificial altar of Ru.
    21 | D        | Found an iron altar of Okawaru.
    21 | D        | Found a deep blue altar of Sif Muna.
    21 | D        | Found a sparkling altar of Nemelex Xobeh.
    21 | D        | Found a bloodstained altar of Trog.
    70 | D        | Entered arena 2.
    70 | D        | Found a transporter.
    72 | D        | Reached skill level 3 in Axes
    97 | D        | Entered arena 3.
    97 | D        | Noticed an iron imp
    97 | D        | Found a transporter.
   100 | D        | Reached ** piety under Trog
   100 | D        | Reached XP level 2. HP: 20/20 MP: 2/2
   112 | D        | Reached skill level 5 in Fighting
   112 | D        | Reached skill level 4 in Axes
   112 | D        | Reached XP level 3. HP: 22/26 MP: 3/3
   155 | D        | Entered arena 4.
   155 | D        | Found a transporter.
   159 | D        | Reached *** piety under Trog
   159 | D        | Reached skill level 5 in Axes
   159 | D        | Reached XP level 4. HP: 32/32 MP: 4/4
   160 | D        | Reached skill level 6 in Axes
   166 | D        | Reached **** piety under Trog
   166 | D        | Reached XP level 5. HP: 37/37 MP: 5/5
   285 | D        | Entered arena 5.
   285 | D        | Found a transporter.
   286 | D        | Found the amulet of the Air {Inacc +Fly rElec EV+5 RMsl}
   289 | D        | Reached skill level 7 in Axes
   290 | D        | Reached ***** piety under Trog
   308 | D        | Reached skill level 8 in Axes
   308 | D        | Reached skill level 5 in Armour
   370 | D        | Entered arena 6.
   370 | D        | Noticed a hell hound
   370 | D        | Found a transporter.
   373 | D        | Reached XP level 6. HP: 44/44 MP: 6/6
   375 | D        | Killed a hell hound
   377 | D        | Received a gift from Trog
   437 | D        | Entered arena 7.
   437 | D        | Noticed a redback
   437 | D        | Noticed a redback
   438 | D        | Found a transporter.
   441 | D        | Killed a redback
   441 | D        | Reached skill level 9 in Axes
   441 | D        | Reached XP level 7. HP: 50/50 MP: 7/7
   442 | D        | Killed a redback
   442 | D        | Reached skill level 10 in Axes
   442 | D        | Reached skill level 5 in Dodging
   442 | D        | Reached skill level 1 in Evocations
   443 | D        | Reached skill level 11 in Axes
   445 | D        | Reached ****** piety under Trog
   527 | D        | Entered arena 8.
   527 | D        | Noticed a tentacled starspawn
   528 | D        | Found a transporter.
   531 | D        | Received a gift from Trog
   531 | D        | Reached XP level 8. HP: 56/56 MP: 7/9
   534 | D        | Killed a tentacled starspawn
   534 | D        | Reached skill level 10 in Fighting
   534 | D        | Reached skill level 13 in Axes
   534 | D        | Reached XP level 9. HP: 63/63 MP: 7/10
   689 | D        | Reached skill level 14 in Axes
   689 | D        | Reached skill level 1 in Throwing
   689 | D        | Reached XP level 10. HP: 70/70 MP: 11/11
   691 | D        | Entered arena 9.
   691 | D        | Noticed a sixfirhy
   691 | D        | Noticed Geis Noekae the pandemonium lord
   692 | D        | Gained mutation: You are clumsy. (Dex -2) [a neqoxec]
   693 | D        | Found a transporter.
   696 | D        | Killed a sixfirhy
   699 | D        | HP: 2/105 [Geis Noekae the pandemonium lord (4)]
   700 | D        | Slain by Geis Noekae the pandemonium lord

Vault maps used:
D:        sprint_v

Skill      XL: |  1  2  3  4  5  6  7  8  9 |
---------------+----------------------------+-----
Axes           | 3 4 5 6 8 9 11 13 14 | 14.4
Fighting       | 4 5 6 7 8 9 10 11 | 11.6
Armour         | 3 4 5 6 7 8 |  8.9
Dodging        | 2 3 4 5 7 |  7.2
Evocations     | 1 2 |  2.4
Throwing       | 1 |  1.9
Stealth        | 4 |  4.0

Action                   |  1- 3 |  4- 6 |  7- 9 | 10-12 || total
-------------------------+-------+-------+-------+-------++-------
Melee: Executioner's axe |    18 |    38 |    13 |     7 ||    76
Invok: Berserk           |     1 |     3 |     1 |     1 ||     6
Evoke: Phial of floods   |       |     1 |       |       ||     1
  Use: Scroll            |     1 |       |       |       ||     1
       Potion            |       |       |     1 |       ||     1
  Eat: Ration            |       |     1 |       |       ||     1
Armor: Shadow dragon sca |    10 |     8 |       |       ||    18
       Ring mail         |       |    78 |     4 |     3 ||    85
Dodge: Dodged            |    10 |   101 |    15 |     9 ||   135
       Deflected         |       |     1 |       |       ||     1

Table legend:
 A = Non-vault XP
 B = Vault XP
 C = Vault XP percentage of total XP
 D = Non-vault monster count
 E = Vault monster count
 F = Vault count percentage of total count
                 A         B        C        D         E       F
            +---------+---------+-------+---------+---------+-------
      Total |       0 |    4164 | 100.0 |       0 |      31 | 100.0
            +---------+---------+-------+---------+---------+-------
          D |       0 |    4164 | 100.0 |       0 |      31 | 100.0
            +---------+---------+-------+---------+---------+-------
